 Dungeon Crawl Stone Soup version 0.24-a0-809-g71cb82dfb8 (webtiles) character file.

Game seed: 10341308325000345899, levelgen mode: deterministic

587 Ablot the Charmwright (level 7, -2/56 HPs)
             Began as a Gnoll Skald on Oct 11, 2019.
             Splashed by a jelly's acid (9 damage)
             ... on level 5 of the Dungeon.
             The game lasted 00:06:56 (3248 turns).

Ablot the Charmwright (Gnoll Skald)                 Turns: 3248, Time: 00:06:56

Health: -2/56      AC: -4    Str: 12    XL:     7   Next: 38%
Magic:  20/24      EV: 15    Int: 15    God:
Gold:   224        SH:  0    Dex: 20    Spells: 6/17 levels left

rFire    . . .     SeeInvis .   a - +0 spear
rCold    . . .     Gourm    +   (no shield)
rNeg     + . .     Faith    .   b - +0 leather armour
rPois    .         Spirit   .   x - +2 helmet of Depression {Str-3 Dex+5}
rElec    .         Reflect  .   (no cloak)
rCorr    .         Harm     .   B - +0 pair of gloves
MR       .....                  (no boots)
Stlth    ++........             v - amulet of the gourmand
HPRegen  1.18/turn              o - ring of positive energy
MPRegen  0.19/turn              p - ring of magical power

@: corroded, regenerating (expiring)
A: distributed training, fangs 1, strong nose
a: no special abilities


You were on level 5 of the Dungeon.
You were not hungry.

You visited 1 branch of the dungeon, and saw 5 of its levels.

You collected 224 gold pieces.

Inventory:

Hand Weapons
 a - a +0 spear (weapon)
 f - the +4 dagger "Haeh" {holy, rN+++ MR- Str-4 Dex+9}
   (You found it on level 4 of the Dungeon)

   It has been blessed by the Shining One to cause great damage to the undead
   and demons.
   It affects your strength (-4).
   It affects your dexterity (+9).
   It renders you almost immune to negative energy.
   It affects your resistance to hostile enchantments.
Missiles
 h - 129 stones (quivered)
 k - a throwing net
 l - 24 poisoned darts
 m - 43 sling bullets
 z - 16 bolts
Armour
 b - a +0 leather armour (worn)
 x - the +2 helmet of Depression (worn) {Str-3 Dex+5}
   (You found it on level 4 of the Dungeon)

   It affects your strength (-3).
   It affects your dexterity (+5).
 B - a +0 pair of gloves (worn)
Jewellery
 o - a ring of positive energy (left hand)
 p - a ring of magical power (right hand)
 v - an amulet of the gourmand (around neck)
Wands
 s - a wand of acid (6)
Scrolls
 g - a scroll of teleportation {unknown}
 j - 3 scrolls of identify
 n - 3 scrolls of remove curse {unknown}
 q - a scroll of blinking {unknown}
 r - a scroll of amnesia {unknown}
 w - a scroll of enchant weapon {unknown}
 y - a scroll of magic mapping {unknown}
 A - a scroll of fog {unknown}
Potions
 c - 2 potions of curing {unknown}
 e - a potion of magic {unknown}
 i - 2 potions of resistance {unknown}
 t - a potion of heal wounds {unknown}
 u - 2 potions of degeneration {unknown}
 C - a potion of invisibility {unknown}
Comestibles
 d - 7 rations


   Skills:
 + Level 5.2 Fighting
 + Level 2.4 Short Blades
 + Level 2.4 Long Blades
 + Level 2.4 Axes
 + Level 2.4 Maces & Flails
 + Level 5.2 Polearms
 + Level 2.4 Staves
 + Level 2.4 Slings
 + Level 2.4 Bows
 + Level 2.4 Crossbows
 + Level 2.4 Throwing
 + Level 3.5 Armour
 + Level 5.2 Dodging
 + Level 2.4 Stealth
 + Level 2.4 Shields
 + Level 2.4 Unarmed Combat
 + Level 5.6 Spellcasting
 + Level 2.0 Conjurations
 + Level 2.0 Hexes
 + Level 5.8 Charms
 + Level 2.0 Summonings
 + Level 2.0 Necromancy
 + Level 2.0 Translocations
 + Level 2.0 Transmutations
 + Level 2.0 Fire Magic
 + Level 2.0 Ice Magic
 + Level 2.0 Air Magic
 + Level 2.0 Earth Magic
 + Level 2.0 Poison Magic
 + Level 2.6 Invocations
 + Level 2.4 Evocations


You had 6 spell levels left.
You knew the following spells:

 Your Spells              Type           Power        Failure   Level  Hunger
a - Infusion              Chrm           ###.         1%          1    None
b - Song of Slaying       Chrm           ###.....     2%          2    #......
c - Shroud of Golubria    Chrm/Tloc      ###...       6%          2    #......
d - Regeneration          Chrm/Necr      ###.......   12%         3    ###....
e - Spectral Weapon       Hex/Chrm       ###.....     12%         3    ###....

Your spell library contained the following spells:

 Spells                   Type           Power        Failure   Level  Hunger


Dungeon Overview and Level Annotations

Branches:
Dungeon (5/15)
 Temple: D:4-7

Altars:
Makhleb
Qazlal
Ru
Xom
Yredelemnul


Innate Abilities, Weirdness & Mutations

Your experience applies equally to all skills.
You have very sharp teeth.
Your uncanny sense of smell can sniff out nearby items.


Message History

* * * LOW HITPOINT WARNING * * *
Unknown command.
Casting: Shroud of Golubria (safe; 6% risk of failure)
Confirm with . or Enter, or press ? or * to list all spells.
Your skin crawls.
The jelly closely misses you.
Unknown command.
You hit the jelly but do no damage.
Your hands burn!
* * * LOW HITPOINT WARNING * * *
You bite the jelly, but do no damage.
The jelly is heavily wounded.
Unknown command.
You hit the jelly but do no damage.
Your hands burn!
* * * LOW HITPOINT WARNING * * *
Your bite misses the jelly.
The jelly is heavily wounded.
Your skin is crawling a little less now.
The jelly hits you.
* * * LOW HITPOINT WARNING * * *
You are splashed with acid!
You die...

#.########
#...@....#
......J#.##.#
....... .#
....... ..
....... ...
..#.... ..##
# #.... ...
#.... ...


You could see a jelly.

Vanquished Creatures
  A sky beast (D:2)
  An ogre (D:4)
  A howler monkey (D:4)
  A crimson imp (D:4)
  A bullfrog skeleton (D:4)
  Jessica (D:2)
  An iguana (D:3)
  3 worker ants
  Ijyb (D:4)
  4 adders
  2 oozes
  An adder zombie (D:3)
  5 worms
  A dart slug (D:1)
  4 leopard geckos
  10 orcs
  A ball python (D:1)
  6 bats
  4 giant cockroaches
  8 hobgoblins
  6 jackals
  10 kobolds
  3 quokkas
  3 frilled lizards
  7 goblins
  A leopard gecko skeleton (D:4)
  6 rats
  A spectral orc (D:3)
94 creatures vanquished.

Vanquished Creatures (others)
  A spectral weapon (D:4)
1 creature vanquished.

Grand Total: 95 creatures vanquished

Notes
Turn   | Place    | Note
-------+----------+-------------------------------------------
     0 | D:1      | Ablot the Gnoll Skald began the quest for the Orb.
     0 | D:1      | Reached XP level 1. HP: 20/20 MP: 6/6
   106 | D:1      | Reached XP level 2. HP: 22/26 MP: 7/7
   110 | D:1      | Learned a level 2 spell: Song of Slaying
   113 | D:1      | Learned a level 2 spell: Shroud of Golubria
   574 | D:1      | Reached XP level 3. HP: 24/31 MP: 9/9
   579 | D:1      | Learned a level 3 spell: Regeneration
   583 | D:1      | Learned a level 3 spell: Spectral Weapon
   629 | D:1      | Reached skill level 5 in Spellcasting
   961 | D:2      | Reached skill level 1 in Invocations
  1052 | D:2      | Reached skill level 1 in Short Blades
  1052 | D:2      | Reached skill level 1 in Long Blades
  1052 | D:2      | Reached skill level 1 in Axes
  1052 | D:2      | Reached skill level 1 in Maces & Flails
  1052 | D:2      | Reached skill level 1 in Staves
  1052 | D:2      | Reached skill level 1 in Slings
  1052 | D:2      | Reached skill level 1 in Bows
  1052 | D:2      | Reached skill level 1 in Crossbows
  1052 | D:2      | Reached skill level 1 in Throwing
  1052 | D:2      | Reached skill level 1 in Stealth
  1052 | D:2      | Reached skill level 1 in Shields
  1052 | D:2      | Reached skill level 1 in Unarmed Combat
  1052 | D:2      | Reached skill level 1 in Evocations
  1061 | D:2      | Reached XP level 4. HP: 38/38 MP: 3/11
  1117 | D:2      | Noticed a sky beast
  1136 | D:2      | Killed a sky beast
  1136 | D:2      | Reached skill level 1 in Conjurations
  1136 | D:2      | Reached skill level 1 in Hexes
  1136 | D:2      | Reached skill level 1 in Summonings
  1136 | D:2      | Reached skill level 1 in Necromancy
  1136 | D:2      | Reached skill level 1 in Translocations
  1136 | D:2      | Reached skill level 1 in Transmutations
  1136 | D:2      | Reached skill level 1 in Fire Magic
  1136 | D:2      | Reached skill level 1 in Ice Magic
  1136 | D:2      | Reached skill level 1 in Air Magic
  1136 | D:2      | Reached skill level 1 in Earth Magic
  1136 | D:2      | Reached skill level 1 in Poison Magic
  1136 | D:2      | Reached XP level 5. HP: 23/43 MP: 1/12
  1478 | D:2      | Noticed Jessica
  1496 | D:2      | Killed Jessica
  1818 | D:3      | Found a basalt altar of Yredelemnul.
  1887 | D:3      | Reached XP level 6. HP: 50/50 MP: 13/13
  1934 | D:3      | Found a sacrificial altar of Ru.
  2284 | D:4      | Found a stormy altar of Qazlal.
  2296 | D:4      | Noticed Ijyb
  2307 | D:4      | Killed Ijyb
  2307 | D:4      | Reached skill level 5 in Fighting
  2307 | D:4      | Reached skill level 5 in Polearms
  2307 | D:4      | Reached skill level 5 in Dodging
  2554 | D:4      | Reached XP level 7. HP: 50/56 MP: 14/15
  2572 | D:4      | Found a shimmering altar of Xom.
  2578 | D:4      | Found a burning altar of Makhleb.
  2649 | D:4      | Got a pitted dagger
  2650 | D:4      | Identified the +4 dagger "Haeh" {holy, rN+++ MR- Str-4
                  | Dex+9} (You found it on level 4 of the Dungeon)
  2783 | D:4      | Got a shimmering helmet
  2789 | D:4      | Identified the +2 helmet of Depression {Str-3 Dex+5} (You
                  | found it on level 4 of the Dungeon)
  3236 | D:5      | Entered Level 5 of the Dungeon
  3248 | D:5      | Splashed by a jelly's acid

Levels and vault maps discovered:
D:1:      mushboom_english_gardens, layout_loops_corners, minmay_hexomino_c4
D:2:      layout_basic, uniq_jessica
D:3:      layout_rooms, yredelemnul_forgotten_temple_becter,
          overflow_temple_1_default, serial_glass, glass_columns_a,
          glass_columns_a, feat_on_display, feat_on_display, wad_rectangle_vault
D:4:      kennysheep_spiral_hall, layout_basic,
          grunt_temple_overflow_champion_of_chaos, overflow_temple_1_default,
          first_ration, serial_bayou, serial_bayou_pond_d, serial_bayou_lake_a,
          serial_bayou_crossing, serial_bayou_pond_a, uniq_ijyb
D:5:      gammafunk_steamed_eel, layout_basic, nicolae_overflow_hidden_temple,
          marbit_many_paths, dancing_weapons_uskayaw, minmay_temple_entry_mist,
          uniq_menkaure, uniq_edmund

Skill      XL: |  1  2  3  4  5  6  7 |
---------------+----------------------+-----
Spellcasting   | 5 |  5.6
Invocations    | 1 2 |  2.6
Short Blades   | 1 2 |  2.4
Long Blades    | 1 2 |  2.4
Axes           | 1 2 |  2.4
Maces & Flails | 1 2 |  2.4
Staves         | 1 2 |  2.4
Slings         | 1 2 |  2.4
Bows           | 1 2 |  2.4
Crossbows      | 1 2 |  2.4
Throwing       | 1 2 |  2.4
Stealth        | 1 2 |  2.4
Shields        | 1 2 |  2.4
Unarmed Combat | 1 2 |  2.4
Evocations     | 1 2 |  2.4
Conjurations   | 1 2 |  2.0
Hexes          | 1 2 |  2.0
Summonings     | 1 2 |  2.0
Necromancy     | 1 2 |  2.0
Translocations | 1 2 |  2.0
Transmutations | 1 2 |  2.0
Fire Magic     | 1 2 |  2.0
Ice Magic      | 1 2 |  2.0
Air Magic      | 1 2 |  2.0
Earth Magic    | 1 2 |  2.0
Poison Magic   | 1 2 |  2.0
Armour         | 3 |  3.5
Fighting       | 5 |  5.2
Polearms       | 5 |  5.2
Dodging        | 5 |  5.2
Charms         | |  5.8

Action                   |  1- 3 |  4- 6 |  7- 9 || total
-------------------------+-------+-------+-------++-------
Melee: Spear             |   130 |   187 |    49 ||   366
       Bite              |    11 |    17 |     9 ||    37
       Punch             |     1 |       |       ||     1
Throw: Stone             |       |     1 |       ||     1
 Cast: Infusion          |     2 |    10 |     2 ||    14
       Shroud of Golubri |     3 |    13 |     5 ||    21
       Song of Slaying   |     2 |     1 |     1 ||     4
       Spectral Weapon   |     1 |     6 |     4 ||    11
       Regeneration      |       |     5 |     1 ||     6
  Use: Scroll            |       |     1 |       ||     1
 Stab: Sleeping          |     1 |     5 |     2 ||     8
  Eat: Chunk             |     1 |     6 |    12 ||    19
Armor: Leather armour    |    15 |    13 |     4 ||    32
Dodge: Dodged            |    67 |   107 |    18 ||   192

Table legend:
 A = Non-vault XP
 B = Vault XP
 C = Vault XP percentage of total XP
 D = Non-vault monster count
 E = Vault monster count
 F = Vault count percentage of total count
                 A         B        C        D         E       F
            +---------+---------+-------+---------+---------+-------
      Total |     620 |     219 |  26.1 |      76 |      18 |  19.1
            +---------+---------+-------+---------+---------+-------
        D:1 |      44 |       9 |  17.0 |      24 |       6 |  20.0
        D:2 |     222 |      37 |  14.3 |      23 |       1 |   4.2
        D:3 |      67 |      51 |  43.2 |      16 |       7 |  30.4
        D:4 |     287 |     122 |  29.8 |      13 |       4 |  23.5
            +---------+---------+-------+---------+---------+-------
